 Dungeon Sprint DCSS version 0.22.1-1-ga44c0e56f4 (webtiles) character file.

170 MuseOD the Covert (level 5, -3/29 HPs)
             Began as a Spriggan Enchanter on Sept 23, 2018.
             Was an Initiate of Dithmenos.
             Slain by a spriggan
             ... wielding a +0 rapier
              (7 damage)
             ... in the Dungeon (Sprint IV: "Fedhas' Mad Dash").
             The game lasted 00:01:47 (384 turns).

MuseOD the Covert (Spriggan Enchanter)               Turns: 384, Time: 00:01:48

Health: -3/29      AC:  2    Str:  4    XL:     5   Next: 26%
Magic:  0/10       EV: 18    Int: 18    God:    Dithmenos [......]
Gold:   47         SH:  0    Dex: 16    Spells: 0/9 levels left

rFire    . . .     SeeInvis +   a - +1 dagger
rCold    . . .     Gourm    .   (shield restricted)
rNeg     . . .     Faith    .   b - +0 robe
rPois    .         Spirit   .   (helmet restricted)
rElec    .         Reflect  .   (no cloak)
rCorr    .         Harm     .   (gloves unavailable)
MR       .....     NoTele   +   (boots unavailable)
Stlth    ++++......             c - amulet of invisibility {+Inv}
HPRegen  0.09/turn              (no ring)
MPRegen  0.12/turn              (no ring)

@: very slightly contaminated, very quick
A: very small, unfitting armour, see invisible, herbivore, speed 3, slow
metabolism 2
a: Renounce Religion, Evoke Invisibility


You were in the Dungeon.
You worshipped Dithmenos.
Dithmenos was noncommittal.
You were not hungry.

You visited 1 branch You collected 47 gold pieces.

Inventory:

Hand Weapons
 a - a +1 dagger (weapon)
Armour
 b - a +0 robe (worn)
Jewellery
 c - the amulet of invisibility (around neck) {+Inv}
   (You found it in the Dungeon)

   [amulet of nothing]

   It lets you turn invisible.
Scrolls
 i - a scroll of identify {unknown}
 j - a scroll of blinking
Potions
 g - a potion of haste
 h - 2 potions of magic
Comestibles
 d - a ration


   Skills:
 + Level 4.2 Fighting
 * Level 8.4 Short Blades
 - Level 3.0 Dodging
 + Level 9.5 Stealth
 - Level 2.6 Spellcasting
 - Level 3.6 Hexes


You couldn't memorise any spells.
You knew the following spells:

 Your Spells              Type           Power        Failure   Level  Hunger
a - Corona                Hex            ###....      3%          1    #......
b - Ensorcelled Hibernat  Hex/Ice        #.....       12%         2    ##.....
c - Confuse               Hex            ###.....     12%         3    ###....
d - Dazzling Spray        Conj/Hex       #.....       24%         3    ###....

Your spell library contained the following spells:

 Spells                   Type           Power        Failure   Level  Hunger
 Tukima's Dance           Hex            ###.....     12%         3    ###....


Dungeon Overview and Level Annotations

Branches:
Dungeon (1/1)

Altars:
Cheibriados
Dithmenos
Elyvilon
Gozag
Hepliaklqana
Kikubaaqudgha
Makhleb
Nemelex Xobeh
Okawaru
Qazlal
Ru
Sif Muna
Trog
Uskayaw
Vehumet
Wu Jian
Xom
Yredelemnul
Zin
The Shining One
Beogh
Jiyva
Lugonu


Innate Abilities, Weirdness & Mutations

You are very small and have problems with some larger weapons.
You are too small for most types of armour.
You have supernaturally acute eyesight. (SInv)
You are a herbivore.
You cover ground extremely quickly.
You need to consume almost no food.


Message History

There is an iron altar of Okawaru here.
The spriggan cries.
There is a viscous altar of Jiyva here.
There is a sparkling altar of Nemelex Xobeh here.
There is a hazy altar of Hepliaklqana here.
The spriggan hits you with a rapier!
* * * LOW HITPOINT WARNING * * *
There is a burning altar of Makhleb, spattered with blood here.
There is an opulent altar of Gozag here.
There is an open door here.
Casting: Ensorcelled Hibernation (safe; 12% risk of failure)
Confirm with . or Enter, or press ? or * to list all spells.
Aiming: Confuse (safe; 12% risk of failure)
Press: ? - help, Shift-Dir - straight line, f/p - scorpion
Aim: a scorpion (moderately wounded, chance to defeat MR: 46%)
You miscast Confuse.
You are very lightly contaminated with residual magic.
Nothing appears to happen.
The spriggan hits you with a rapier!
You die...

############################
#<..P#.....#.....#.⌠._._._._
#PP..'.(...@i#(..'.._._._._.
#PPPP#.....#.#...#..._._._._
###############'##.._._._._.
+...#._._._._._
#...########### #####


You could see a spriggan.

Vanquished Creatures
  4 oklob saplings (D)
  A worker ant (D)
  A river rat (D)
  A rat (D)
7 creatures vanquished.

Notes
Turn   | Place    | Note
-------+----------+-------------------------------------------
     0 | D        | MuseOD the Spriggan Enchanter began the quest for the Orb.
     0 | D        | Reached XP level 1. HP: 9/9 MP: 5/5
    19 | D        | Reached skill level 1 in Fighting
    19 | D        | Reached skill level 5 in Stealth
    19 | D        | Reached XP level 2. HP: 14/14 MP: 6/6
    56 | D        | Learned a level 2 spell: Ensorcelled Hibernation
   112 | D        | Noticed an oklob sapling
   114 | D        | Killed an oklob sapling
   114 | D        | Reached skill level 6 in Stealth
   114 | D        | Reached XP level 3. HP: 18/18 MP: 8/8
   119 | D        | Learned a level 3 spell: Confuse
   121 | D        | Found the amulet of invisibility {+Inv}
   122 | D        | Reached skill level 5 in Short Blades
   122 | D        | Reached skill level 7 in Stealth
   140 | D        | Noticed an oklob sapling
   143 | D        | Killed an oklob sapling
   143 | D        | Reached XP level 4. HP: 24/24 MP: 6/9
   152 | D        | Found an opulent altar of Gozag.
   152 | D        | Found a hazy altar of Hepliaklqana.
   152 | D        | Found a roughly hewn altar of Beogh.
   152 | D        | Found a snail-covered altar of Cheibriados.
   227 | D        | Found a viscous altar of Jiyva.
   227 | D        | Found a burning altar of Makhleb.
   227 | D        | Found a sparkling altar of Nemelex Xobeh.
   227 | D        | Found a sacrificial altar of Ru.
   227 | D        | Found a deep blue altar of Sif Muna.
   227 | D        | Found a bloodstained altar of Trog.
   227 | D        | Found an ornate altar of the Wu Jian Council.
   227 | D        | Found a shimmering altar of Xom.
   227 | D        | Found a basalt altar of Yredelemnul.
   228 | D        | Found an iron altar of Okawaru.
   228 | D        | Found a shadowy altar of Dithmenos.
   228 | D        | Found a glowing silver altar of Zin.
   229 | D        | Found an ancient bone altar of Kikubaaqudgha.
   229 | D        | Found a hide-covered altar of Uskayaw.
   230 | D        | Found a stormy altar of Qazlal.
   230 | D        | Found a glowing golden altar of the Shining One.
   230 | D        | Found a white marble altar of Elyvilon.
   231 | D        | Found a radiant altar of Vehumet.
   231 | D        | Found a corrupted altar of Lugonu.
   234 | D        | Reached skill level 8 in Stealth
   238 | D        | Became a worshipper of Dithmenos the Shadowed
   248 | D        | Reached skill level 9 in Stealth
   248 | D        | Reached XP level 5. HP: 29/29 MP: 8/10
   253 | D        | Learned a level 3 spell: Dazzling Spray
   384 | D        | Slain by a spriggan

Skill      XL: |  1  2  3  4 |
---------------+-------------+-----
Fighting       | 1 2 3 4 |  4.2
Short Blades   | 3 4 6 8 |  8.4
Stealth        | 5 6 7 9 |  9.5
Dodging        | |  3.0
Spellcasting   | |  2.6
Hexes          | |  3.6

Action                   |  1- 3 |  4- 6 || total
-------------------------+-------+-------++-------
Melee: Dagger            |     6 |     4 ||    10
 Cast: Confuse           |       |     3 ||     3
 Abil: Evoke Invisibilit |     1 |     1 ||     2
  Use: Potion            |     1 |     2 ||     3
 Stab: Sleeping          |     4 |     2 ||     6
Dodge: Dodged            |     2 |     6 ||     8
